 Dungeon Crawl Stone Soup version 0.27-a0-1359-ga2a4dfd6fd (webtiles) character file.

Game seed: 16365075077749135193

576337 dickylongcocking the Sorcerer (level 27, -2/185 (210) HPs)
             Began as a Djinni Venom Mage on June 29, 2021.
             Was the Champion of Makhleb.
             Killed from afar by an eidolon (42 damage)
             ... with a bolt of negative energy
             ... on level 1 of the Crypt.
             The game lasted 02:10:39 (64093 turns).

dickylongcocking the Sorcerer (Djinni Venom Mage)  Turns: 64093, Time: 02:10:39

HP:   -2/185 (210)  AC: 31    Str: 14    XL:     27
Gold: 1444          EV: 17    Int: 42    God:    Makhleb [******] SH: 24 Dex: 23

rFire    + . .     SeeInvis +   Y - staff of conjuration
rCold    + . .     Faith    .   m - +5 kite shield of the True Pharaoh {Str+7 Slay-6}
rNeg     . . .     Spirit   .   f - +7 ice dragon scales
rPois    ∞         Reflect  +   V - +3 crown of Dyrovepreva {rElec Int+2 SInv}
rElec    +         Harm     .   c - +1 cloak of the Raven {Contam rElec Dex+8}
rCorr    .         Rampage  .   b - +2 pair of gloves {Stlth+}
Will     +++..                  (boots unavailable)
Stlth    +++.......             k - amulet "Qemmobb" {Reflect rElec Will+ SH+5}
HPRegen  0.40/turn              A - ring of Tieseq {Wiz Int+5}
MPRegen  0.00/turn              J - +6 ring of intelligence

@: flying, very slightly contaminated, studying 2 skills, heavily drained
A: sickness immunity, fire resistance 2, cold vulnerability 1, float, innate
caster, hp casting, extra vitality 1, fangs 1
}: 4/15 runes: decaying, serpentine, slimy, silver
a: Renounce Religion, Minor Destruction, Lesser Servant of Makhleb, Major
Destruction, Greater Servant of Makhleb


You were on level 1 of the Crypt.
You worshipped Makhleb.
Makhleb was exalted by your worship.
You visited 10 branches of the dungeon, and saw 46 of its levels.
You visited the Abyss 1 time.
You also visited: Gauntlet, Ice Cave and Wizlab.

You collected 7536 gold pieces.
You spent 6092 gold pieces at shops.

Inventory:

Hand Weapons
 t - a +8 sacred scourge of holy wrath
Missiles
 w - a throwing net
 L - 8 boomerangs of dispersal
Armour
 b - a +2 pair of gloves of stealth (worn)
 c - the +1 cloak of the Raven (worn) {Contam rElec Dex+8}
   (You found it on level 4 of the Lair of Beasts)

   Dex:       It affects your dexterity (+8).
   rElec:     It insulates you from electricity.
   Contam:    It causes magical contamination when unequipped.
 f - +7 ice dragon scales (worn)
 m - the +5 kite shield of the True Pharaoh (worn) {Str+7 Slay-6}
   (You found it on level 1 of the Swamp)

   Str:       It affects your strength (+7).
   Slay:      It affects your accuracy & damage with ranged weapons and melee
   (-6).
 V - the +3 crown of Dyrovepreva (worn) {rElec Int+2 SInv}
   (You bought it in a shop on level 1 of the Snake Pit)

   Int:       It affects your intelligence (+2).
   rElec:     It insulates you from electricity.
   SInv:      It lets you see invisible.
Magical Staves
 Y - a staff of conjuration (weapon)
Jewellery
 a - an amulet of faith
 k - the amulet "Qemmobb" (around neck) {Reflect rElec Will+ SH+5}
   (You found it on level 3 of the Elven Halls)

   [amulet of reflection]

   It reflects blocked missile attacks.rElec: It insulates you from electricity.
   SH:        It affects your SH (+5).
   Will:      It increases your willpower.
 l - a ring of ice
 n - the ring "Quliqiahi" {Str+6 Dex+3}
   (You found it in a wizard's laboratory)

   [ring of strength]

   Str:       It affects your strength (+6).
   Dex:       It affects your dexterity (+3).
 A - the ring of Tieseq (left hand) {Wiz Int+5}
   (You bought it in a shop on level 2 of the Vaults)

   [ring of wizardry]

   It improves your spell success rate.Int: It affects your intelligence (+5).
 E - the amulet "Noff" {RegenMP -Tele +Inv rElec Stlth+}
   (You took it off a yaktaur on level 2 of the Vaults)

   [amulet of magic regeneration]

   It increases your rate of magic regeneration.rElec: It insulates you from
   electricity.
   +Inv:      It lets you turn invisible.
   -Tele:     It prevents most forms of teleportation.
   Stlth:     It makes you more stealthy.
 H - a +6 ring of dexterity
 J - a +6 ring of intelligence (right hand)
 M - a ring of positive energy
 O - a +4 ring of evasion
 P - a +4 ring of protection
 R - a ring of willpower
 S - the ring of Zearinou {AC+4 Slay+3}
   (You found it on level 3 of the Elven Halls)

   [ring of protection]

   AC:        It affects your AC (+4).
   Slay:      It affects your accuracy & damage with ranged weapons and melee
   (+3).
 Z - a +6 ring of dexterity
Wands
 e - a wand of digging (12)
 p - a wand of iceblast (97)
 y - a wand of acid (6)
 N - a wand of charming (7)
 Q - a wand of paralysis (56)
Scrolls
 g - 5 scrolls of fog
 h - 3 scrolls of holy word
 i - 2 scrolls of silence
 o - 24 scrolls of teleportation
 u - 2 scrolls of blinking
 x - 4 scrolls of fear
 F - 2 scrolls of magic mapping
 G - 5 scrolls of brand weapon
 I - 4 scrolls of immolation
 U - 20 scrolls of identify
 W - 6 scrolls of summoning
Potions
 d - 3 potions of cancellation
 j - 21 potions of mutation
 q - 7 potions of haste
 r - 11 potions of heal wounds
 s - 4 potions of ambrosia
 z - a potion of magic
 B - 8 potions of brilliance
 C - 4 potions of might
 D - 9 potions of curing
 K - a potion of invisibility
 X - 7 potions of resistance
Miscellaneous
 T - a condenser vane


   Skills:
 - Level 21.4 Fighting
 - Level 15.0 Armour
 - Level 12.3 Dodging
 - Level 4.1 Stealth
 - Level 15.0 Shields
 * Level 23.5 Spellcasting
 - Level 7.0 Evocations


You couldn't memorise any spells.
You knew the following spells:

 Your Spells              Type           Power      Damage    Failure   Level
a - Sting                 Tmut/Pois      100%       1d8       0%          1
b - Slow                  Hex            100%       N/A       0%          2
c - Inner Flame           Hex/Fire       100%       N/A       0%          3
d - Olgreb's Toxic Radia  Pois           100%       N/A       0%          4
e - Apportation           Tloc           100%       N/A       0%          1
f - Frozen Ramparts       Ice            100%       1d12      0%          3
g - Conjure Ball Lightni  Conj/Air       76%        3x3d28    0%          6
h - Metabolic Englaciati  Hex/Ice        64%        N/A       0%          5
i - Ignite Poison         Fire/Tmut/Pois 100%       N/A       0%          3
j - Eringya's Noxious Bo  Tmut/Pois      64%        N/A       0%          6
k - Iron Shot             Conj/Erth      76%        9d14      0%          6
l - Ozocubu's Refrigerat  Ice            64%        4d17      1%          7
m - Monstrous Menagerie   Summ           64%        N/A       1%          7
n - Dragon's Call         Summ           64%        N/A       3%          9
o - Polar Vortex          Ice            64%        N/A       3%          9
p - Poisonous Vapours     Pois/Air       100%       N/A       0%          2
v - Borgnjor's Vile Clut  Necr/Erth      64%        N/A       0%          5
x - Mephitic Cloud        Conj/Pois/Air  100%       N/A       0%          3
Your spell library was empty.

Dungeon Overview and Level Annotations

Branches:
Dungeon (15/15)            Temple (1/1) D:4            Lair (6/6) D:8
  Swamp (4/4) Lair:2        Snake (4/4) Lair:3        Slime (5/5) Lair:6
    Orc (2/2) D:9             Elf (3/3) Orc:2        Vaults (5/5) D:13
  Crypt (1/3) Vaults:3     Depths (0/5) D:15          IceCv (visited)
 WizLab (visited)         Gauntlet (visited)

Altars:
Ashenzari
Dithmenos
Fedhas
Gozag
Hepliaklqana
Kikubaaqudgha
Makhleb
Nemelex Xobeh
Okawaru
Qazlal
Sif Muna
Trog
Vehumet
Wu Jian
Xom
Yredelemnul
The Shining One
Beogh
Jiyva

Shops:
D:8 *?   D:9 ?   Orc:2 (*(!   Elf:1 =   Snake:1 ![:   Vaults:1 *:(*
Vaults:2 *!!?*   Vaults:4 ?

Annotations:
Snake:2 1 runed translucent door, snackwell's ghost, adept SpGl


Innate Abilities, Weirdness & Mutations

You are immune to sickness and miasma.
You are immune to poison.
Your flesh is very heat resistant. (rF++)
You are vulnerable to cold. (rC-)
You float through the air rather than walking.
You learn spells naturally, not from books.
Your magical power is your life essence.
You have superior vitality. (+4 HP)
You have very sharp teeth.


Message History

Press: ? - help, Shift-Dir - straight line, f - skeletal warrior
Aim: a skeletal warrior, wielding a +0 mace (lightly damaged, 83% to hit)
You feel a surge of power!
The iron shot hits the skeletal warrior!!!
The skeletal warrior is almost destroyed.
* * * LOW HITPOINT WARNING * * *
The winds around you calm down.
You block the skeletal warrior's attack.
Unknown command.
Unknown command.
Unknown command.
Found 8 atropa-tipped darts.
Okay, then.
Casting: Iron Shot (safe; 0% risk of failure)
Confirm with . or Enter, or press ? or * to list all spells.
Aiming: Iron Shot (safe; 0% risk of failure)
Press: ? - help, Shift-Dir - straight line, f/p - skeletal warrior
Aim: a skeletal warrior, wielding a +0 mace (almost destroyed, 83% to hit)
You feel a surge of power!
The iron shot hits the skeletal warrior!!!!
You destroy the skeletal warrior!
Makhleb accepts your kill.
You feel better.
* * * LOW HITPOINT WARNING * * *
Unknown command.
Unknown command.
Casting: Iron Shot (safe; 0% risk of failure)
Confirm with . or Enter, or press ? or * to list all spells.
Aiming: Iron Shot (safe; 0% risk of failure)
Press: ? - help, Shift-Dir - straight line, f - eidolon
Aim: an eidolon (heavily damaged, 83% to hit)
You feel a surge of power!
The iron shot misses the eidolon. x2
* * * LOW HITPOINT WARNING * * *
Unknown command.
Unknown command.
Unknown command.
Okay, then.
The eidolon stares piercingly at you. The bolt of negative energy hits you!!!
You feel drained.
You die...

### # #... ..
....#
#######...
....##.........
#.............
#...........
#..@(......
≈≈≈...#.
##.######.#
≈≈≈≈.... #W.#
## . ≈≈≈≈≈≈≈.
##W#######.##..
≈≈≈≈≈..≈
##)#...W......
≈≈≈≈≈≈≈≈..#
##Zz.........
≈.≈≈≈≈≈....##
##W.........
.≈≈≈.≈≈≈≈....#
#..........
....≈≈≈≈≈....#
###.##.....


You could see an eidolon.

Vanquished Creatures
  the Royal Jelly (Slime:5)
  An ancient lich (Vaults:5)
  2 dread liches (Vaults:5)
  Mara (Swamp:4)
  Mennas (Crypt:1)
  Vashnia (Snake:2)
  A mutant beast (WizLab)
  Jory (Vaults:3)
  Rupert (D:14)
  A tentacled monstrosity (Swamp:4)
  Jorgrun (Snake:2)
  2 liches
  4 deep elf master archers (Elf:3)
  A titan (Vaults:5)
  4 deep elf blademasters (Elf:3)
  A quicksilver dragon (Vaults:5)
  3 tentacled starspawn (Abyss:2)
  An ancient champion (Crypt:1)
  2 sphinxes
  19 acid blobs
  A shadow dragon (Vaults:5)
  2 storm dragons (Vaults:5)
  A thorn hunter (Swamp:3)
  Donald (Elf:3)
  5 tengu reavers
  3 revenants
  A fenstrider witch (Swamp:2)
  A nagaraja (Snake:4)
  10 rockslimes
  8 azure jellies
  2 frost giants
  4 deep elf elementalists (Elf:3)
  2 fire giants (Vaults:5)
  11 vault wardens
  5 deep elf sorcerers
  2 orc warlords
  Aizul (Vaults:3)
  6 ghouls (Crypt:1)
  Louise (Elf:3)
  17 ironbound preservers
  An angel (Abyss:2)
  7 very ugly things
  12 quicksilver oozes
  A reaper (Abyss:2)
  4 war gargoyles
  3 stone giants (Vaults:5)
  3 vampire knights (Crypt:1)
  3 deep elf demonologists
  A minotaur (Gauntlet)
  An entropy weaver (Vaults:2)
  9 dire elephants
  Nessos (D:12)
  8 deep elf annihilators
  The ghost of Kyvig the Grappler, a journeyman VSTm of Qazlal (Lair:5)
  7 bunyips
  3 crystal guardians
  2 deep elf death magi (Elf:3)
  4 eleionomae
  2 eidola (Crypt:1)
  A blizzard demon (IceCv)
  2 shambling mangroves
  7 ettins
  16 jiangshi (Crypt:1)
  7 yaktaur captains
  A fire dragon (D:15)
  A deep elf high priest (Vaults:5)
  7 ironbound thunderhulks
  3 salamander tyrants (Snake:4)
  An ice dragon (Swamp:2)
  19 naga warriors
  28 hydras
  9 great orbs of eyes
  9 ogre magi
  7 boulder beetles
  32 vault guards
  2 ghost crabs
  4 catoblepae
  A spriggan air mage (Swamp:3)
  2 peacekeepers
  9 ironbound frosthearts
  8 alligators
  3 death knights
  13 anacondas
  40 two-headed ogres
  12 centaur warriors
  25 dancing weapons
  20 death yaks
  6 vampire magi (Crypt:1)
  A thrashing horror (Gauntlet)
  3 orc high priests
  2 deep troll earth magi (Vaults:5)
  5 ironbound beastmasters
  Urug (D:11)
  15 naga sharpshooters
  2 tengu warriors (D:15)
  5 spriggan berserkers (Elf:2)
  9 shock serpents
  A shock serpent (shapeshifter) (WizLab)
  A hell knight (Vaults:5)
  2 fire crabs (shapeshifter) (WizLab)
  A storm dragon zombie (Abyss:2)
  21 deep elf knights
  4 salamander mystics
  A soul eater (Gauntlet)
  A wretched star (Abyss:2)
  20 skeletal warriors
  An iron golem (WizLab)
  A sea snake (Snake:4)
  A sixfirhy (Abyss:2)
  4 goliath frogs
  5 spriggan druids
  40 deep trolls
  A shadow wraith (Crypt:1)
  2 glowing orange brains
  3 starcursed masses (Abyss:2)
  An entropy weaver zombie (Crypt:1)
  2 flayed ghosts (Crypt:1)
  2 death drakes
  10 swamp dragons
  2 naga ritualists (Snake:1)
  6 bog bodies
  5 wizards
  A necromancer (Vaults:4)
  15 orc knights
  6 phantasmal warriors
  12 harpies
  12 deep elf archers
  A lindwurm (Lair:6)
  37 deep elf pyromancers
  4 manticores
  16 ironbound convokers
  3 orc sorcerers
  42 deep elf zephyrmancers
  4 oklob plants (Lair:5)
  A shining eye (shapeshifter) (Vaults:5)
  A shadow dragon skeleton (Crypt:1)
  7 mana vipers
  3 will-o-the-wisps
  A worldbinder (Abyss:2)
  An orb spider (shapeshifter) (WizLab)
  37 ugly things
  32 salamanders
  A salamander (shapeshifter) (WizLab)
  6 shining eyes
  Maurice (D:12)
  5 cyclopes
  An eye of devastation (Slime:5)
  2 ice statues (IceCv)
  3 elephants
  A molten gargoyle (Gauntlet)
  2 torpor snails
  9 guardian serpents (Snake:4)
  2 black mambas (shapeshifter) (WizLab)
  The ghost of atabob the Chopper, a novice HOMo of Qazlal (D:5)
  8 naga magi
  16 vault sentinels
  17 cane toads
  A smoke demon (Gauntlet)
  34 black mambas
  A water nymph (shapeshifter) (WizLab)
  An orange demon (Abyss:2)
  A cane toad (shapeshifter) (WizLab)
  Psyche (D:11)
  3 gargoyles
  A komodo dragon (shapeshifter) (WizLab)
  7 rime drakes
  15 komodo dragons
  A rime drake (shapeshifter) (WizLab)
  A tengu conjurer (D:14)
  10 freezing wraiths
  11 ice devils (IceCv)
  4 jumping spiders (shapeshifter) (WizLab)
  34 yaktaurs
  An ancient zyme (Abyss:2)
  4 polar bears
  A hellwing (Abyss:2)
  6 trolls
  6 tyrant leeches
  A meliai (shapeshifter) (WizLab)
  A jumping spider (Vaults:2)
  2 polar bears (shapeshifter)
  2 wind drakes (shapeshifter) (WizLab)
  7 bloated husks
  25 blink frogs
  2 trolls (shapeshifter) (WizLab)
  6 hornets
  A harpy skeleton (Abyss:2)
  46 slime creatures
  2 dream sheep (Lair:6)
  A raiju (Gauntlet)
  An ice dragon zombie (Crypt:1)
  A slime creature (shapeshifter) (WizLab)
  4 air elementals
  4 flying skulls (Crypt:1)
  9 spriggans
  3 redbacks (Vaults:2)
  2 spriggans (shapeshifter) (WizLab)
  3 tarantellas (shapeshifter)
  2 yaks (shapeshifter)
  A vampire (D:13)
  A water elemental (Elf:1)
  9 wraiths
  49 yaks
  A human (shapeshifter) (WizLab)
  A human (WizLab)
  7 wyverns
  9 basilisks
  6 golden eyes
  A chaos spawn (Abyss:2)
  3 steam dragons
  2 golden eyes (shapeshifter) (WizLab)
  Menkaure (D:5)
  12 large abominations
  14 vampire mosquitoes
  A neqoxec (Abyss:2)
  17 swamp worms
  38 nagas
  A warg (shapeshifter) (WizLab)
  A death yak simulacrum (Lair:5)
  2 acid dragons (D:9)
  A hydra simulacrum (Lair:5)
  4 wargs
  23 water moccasins
  4 floating eyes (WizLab)
  2 black bears
  36 orc warriors
  A floating eye (shapeshifter) (Vaults:5)
  5 swamp drakes (Swamp:4)
  3 necrophages
  A black bear (shapeshifter) (WizLab)
  3 sky beasts
  2 black mamba simulacra (Lair:5)
  13 wolves
  34 ogres
  3 boggarts (D:14)
  10 centaurs
  A phantom (D:4)
  A manticore skeleton (Crypt:1)
  A lindwurm skeleton (Crypt:1)
  A kobold brigand (D:8)
  7 bullfrogs
  3 gnoll sergeants
  10 small abominations
  4 earth elementals
  2 scorpions
  A water moccasin zombie (D:3)
  2 water moccasin skeletons
  6 wights (D:8)
  2 electric eels
  A vampire bat (D:3)
  A howler monkey (D:12)
  2 crimson imps (Gauntlet)
  2 bullfrog zombies
  3 centaur zombies
  A komodo dragon simulacrum (Lair:5)
  3 jellies
  2 centaur skeletons
  An iguana (D:5)
  Terence (D:3)
  27 orc priests
  A bullfrog skeleton (D:5)
  Ijyb (D:3)
  12 hell rats
  15 orc wizards
  A killer bee zombie (D:8)
  A deep dwarf skeleton (Crypt:1)
  2 hound zombies (D:5)
  2 hound skeletons (D:4)
  A howler monkey zombie (D:8)
  18 gnolls
  A howler monkey skeleton (D:5)
  4 adders
  3 shadow imps (Gauntlet)
  12 white imps
  2 ufetubi (IceCv)
  A lava snake zombie (Crypt:1)
  A worm (D:2)
  6 dart slugs
  68 orcs
  5 ball pythons
  2 bat skeletons (D:3)
  4 bat zombies (D:3)
  4 endoplasms
  2 giant cockroaches
  5 goblins
  7 hobgoblins
  4 jackals
  4 quokkas
  A river rat zombie (Crypt:1)
  A ball python skeleton (Crypt:1)
  7 bats
  4 frilled lizards
  12 kobolds
  7 rats
  A spectral orc (D:13)
1891 creatures vanquished.

Vanquished Creatures (collateral kills)
  An ancient lich (Vaults:5)
  A titan (Vaults:5)
  2 sphinxes
  A tengu reaver (Vaults:5)
  2 thorn hunters (Swamp:4)
  A vault warden (Vaults:4)
  A yaktaur captain (Vaults:5)
  An ironbound frostheart (Vaults:4)
  2 wizards (Vaults:3)
  A swamp dragon (Swamp:4)
  3 ugly things (Vaults:3)
  3 yaktaurs (Vaults:5)
  A spriggan (Swamp:3)
  4 ball lightnings
24 creatures vanquished.

Vanquished Creatures (others)
  A yaktaur captain (Vaults:5)
  A death knight (Crypt:1)
  An alligator (Swamp:4)
  A spriggan (Swamp:3)
  A salamander mystic (Snake:4)
  A spriggan druid (Swamp:4)
  A mana viper (Snake:4)
  A cane toad (Lair:4)
  2 bloated husks (Swamp:4)
  2 blink frogs (Lair:4)
  A hornet (Swamp:3)
  5 white imps (IceCv)
  3 ufetubi (IceCv)
  128 ball lightnings
  A briar patch (Swamp:3)
  2 foxfires (Swamp:4)
  70 fungi
  106 plants
  2 starspawn tentacles (Abyss:2)
330 creatures vanquished.

Grand Total: 2245 creatures vanquished

Notes
Turn   | Place    | Note
-------+----------+-------------------------------------------
     0 | D:1      | dickylongcocking the Djinni Venom Mage began the quest for
                  | the Orb.
     0 | D:1      | Reached XP level 1. HP: 15/15 MP: 0/0
   315 | D:1      | Reached skill level 1 in Fighting
   315 | D:1      | Reached XP level 2. HP: 14/22 MP: 0/0
   947 | D:1      | Reached XP level 3. HP: 24/27 MP: 0/0
   947 | D:1      | Learned a level 1 spell: Apportation
  1190 | D:1      | Found a faded altar of an unknown god.
  1400 | D:2      | Reached skill level 3 in Spellcasting
  1631 | D:2      | Reached XP level 4. HP: 24/33 MP: 0/0
  2643 | D:3      | Found a stormy altar of Qazlal.
  2648 | D:3      | Noticed a fire elemental
  2649 | D:3      | Noticed a water elemental
  2649 | D:3      | Noticed an air elemental
  2649 | D:3      | Noticed an earth elemental
  2931 | D:3      | Reached XP level 5. HP: 30/40 MP: 0/0
  2931 | D:3      | Learned a level 2 spell: Slow
  3318 | D:3      | Noticed Terence
  3324 | D:3      | Killed Terence
  3329 | D:3      | Reached XP level 6. HP: 31/46 MP: 0/0
  3483 | D:3      | Reached skill level 4 in Spellcasting
  3496 | D:3      | Noticed Ijyb
  3502 | D:3      | Killed Ijyb
  4060 | D:4      | Found an iron altar of Okawaru.
  4155 | D:4      | HP: 2/46 [water moccasin skeleton (2)]
  4478 | D:4      | Found a staircase to the Ecumenical Temple.
  4481 | D:4      | Noticed a necrophage
  4487 | Temple   | Entered the Ecumenical Temple
  4507 | Temple   | Became a worshipper of Makhleb the Destroyer
  5005 | D:4      | Found a bloodstained altar of Trog.
  5017 | D:4      | Reached XP level 7. HP: 43/52 MP: 0/0
  5017 | D:4      | Learned a level 3 spell: Frozen Ramparts
  5582 | D:4      | Reached skill level 5 in Spellcasting
  6113 | D:5      | Entered Level 5 of the Dungeon
  6355 | D:5      | Reached XP level 8. HP: 54/58 MP: 0/0
  6525 | D:5      | Reached skill level 5 in Fighting
  6573 | D:5      | Noticed Menkaure
  6771 | D:5      | Killed Menkaure
  6772 | D:5      | Reached skill level 6 in Spellcasting
  7114 | D:5      | Found a large runed translucent door.
  7192 | D:5      | Found a large runed translucent door.
  7194 | D:5      | Noticed atabob's ghost (novice HOMo)
  7487 | D:5      | Found a shimmering altar of Xom.
  7663 | D:5      | Found a hazy altar of Hepliaklqana.
  7704 | D:5      | Killed atabob's ghost
  8107 | D:6      | Reached XP level 9. HP: 27/66 MP: 0/0
  8107 | D:6      | Learned a level 3 spell: Inner Flame
  8321 | D:6      | Reached skill level 7 in Spellcasting
  8511 | D:6      | Noticed a troll
  8514 | D:6      | Killed a troll
  9342 | D:7      | Reached * piety under Makhleb
  9593 | D:7      | Reached skill level 8 in Spellcasting
 10533 | D:8      | Noticed a two-headed ogre
 10551 | D:8      | Killed a two-headed ogre
 10552 | D:8      | Reached XP level 10. HP: 40/76 MP: 0/0
 10795 | D:8      | Found Nili's Magic Scroll Shop.
 10840 | D:8      | Reached skill level 9 in Spellcasting
 10881 | D:8      | Identified the +8 whip of Purpose {vorpal, rCorr Str+3}
 10939 | D:8      | Found a staircase to the Lair.
 11521 | D:8      | Found a transporter.
 11567 | D:8      | Found a transporter.
 11567 | D:8      | Noticed an ogre mage
 11578 | D:8      | Found Ziofrepn's Assorted Antiques.
 12100 | D:8      | Killed an ogre mage
 12620 | D:9      | Reached skill level 10 in Spellcasting
 12682 | D:9      | Reached XP level 11. HP: 80/84 MP: 0/0
 12682 | D:9      | Learned a level 5 spell: Borgnjor's Vile Clutch
 12702 | D:9      | Reached ** piety under Makhleb
 13038 | D:9      | Found a staircase to the Orcish Mines.
 13190 | D:9      | Found Myfeah's Magic Scroll Emporium.
 13462 | D:9      | Found an ornate altar of the Wu Jian Council.
 13982 | D:9      | Noticed a two-headed ogre
 13987 | D:9      | Killed a two-headed ogre
 14141 | Orc:1    | Entered Level 1 of the Orcish Mines
 14148 | Orc:1    | Noticed an orc sorcerer
 14150 | Orc:1    | Killed an orc sorcerer
 14151 | Orc:1    | Reached skill level 10 in Fighting
 14256 | Orc:1    | Reached skill level 11 in Spellcasting
 14470 | Orc:2    | Entered Level 2 of the Orcish Mines
 14470 | Orc:2    | Found a staircase to the Elven Halls.
 14470 | Orc:2    | Noticed a cyclops
 14471 | Orc:2    | Noticed an orc knight
 14472 | Orc:2    | Reached *** piety under Makhleb
 14474 | Orc:2    | Killed a cyclops
 14474 | Orc:2    | Noticed an ettin
 14478 | Orc:2    | Killed an orc knight
 14478 | Orc:2    | Killed an ettin
 14656 | Orc:2    | Noticed an orc sorcerer
 14662 | Orc:2    | Killed an orc sorcerer
 14663 | Orc:2    | Reached XP level 12. HP: 70/92 MP: 0/0
 14881 | Orc:2    | Noticed a two-headed ogre
 14885 | Orc:2    | Noticed a two-headed ogre
 14888 | Orc:2    | Noticed an ogre mage
 14888 | Orc:2    | Killed a two-headed ogre
 14888 | Orc:2    | Reached **** piety under Makhleb
 14888 | Orc:2    | Killed a two-headed ogre
 14890 | Orc:2    | Killed an ogre mage
 14890 | Orc:2    | Noticed a two-headed ogre
 14891 | Orc:2    | Reached skill level 12 in Spellcasting
 14891 | Orc:2    | Noticed a two-headed ogre
 14892 | Orc:2    | Noticed a two-headed ogre
 14892 | Orc:2    | Noticed a two-headed ogre
 14892 | Orc:2    | Noticed an ogre mage
 14894 | Orc:2    | Killed a two-headed ogre
 14894 | Orc:2    | Killed a two-headed ogre
 14894 | Orc:2    | Noticed a two-headed ogre
 14895 | Orc:2    | Killed a two-headed ogre
 14896 | Orc:2    | Killed an ogre mage
 14897 | Orc:2    | Killed a two-headed ogre
 14898 | Orc:2    | Killed a two-headed ogre
 14899 | Orc:2    | Noticed an ogre mage
 14901 | Orc:2    | Noticed a two-headed ogre
 14902 | Orc:2    | Killed an ogre mage
 14903 | Orc:2    | Reached XP level 13. HP: 100/100 MP: 0/0
 14903 | Orc:2    | Learned a level 5 spell: Metabolic Englaciation
 14907 | Orc:2    | Noticed an ogre mage
 14908 | Orc:2    | Reached skill level 13 in Spellcasting
 14912 | Orc:2    | Killed an ogre mage
 14916 | Orc:2    | Found Veniyfrol's Assorted Antiques.
 14916 | Orc:2    | Found Kebreuny's Distillery.
 14958 | Orc:2    | Found Ziuloefo's Weapon Shop.
 14958 | Orc:2    | Found Kicigyun's Antique Weapon Shoppe.
 14965 | Orc:2    | Bought a curved jewelled staff for 372 gold pieces
 14968 | Orc:2    | Bought a potion of heal wounds for 70 gold pieces
 14968 | Orc:2    | Bought a potion of brilliance for 56 gold pieces
 15547 | Orc:1    | Reached ***** piety under Makhleb
 16410 | D:10     | Entered Level 10 of the Dungeon
 16727 | D:10     | Found a shadowy altar of Dithmenos.
 16854 | D:10     | Identified the +6 hand axe of the Mind {venom, *Rage rF++
                  | rC+ SInv}
 17149 | D:10     | Reached skill level 14 in Spellcasting
 17262 | D:11     | Noticed Psyche
 17266 | D:11     | Noticed a boulder beetle
 17267 | D:11     | Killed Psyche
 17271 | D:11     | Killed a boulder beetle
 17272 | D:11     | Reached XP level 14. HP: 91/110 MP: 0/0
 17720 | D:11     | Noticed Urug
 17728 | D:11     | Killed Urug
 18338 | D:12     | Noticed Maurice
 18344 | D:12     | Killed Maurice
 18870 | D:12     | Noticed Nessos
 18877 | D:12     | Killed Nessos
 19752 | D:8      | Bought a scroll of acquirement for 780 gold pieces
 19752 | D:8      | Bought a scroll of blinking for 112 gold pieces
 19752 | D:8      | Bought a scroll of teleportation for 45 gold pieces
 19752 | D:8      | Bought a scroll of teleportation for 45 gold pieces
 19752 | D:8      | Bought a scroll of teleportation for 45 gold pieces
 19752 | D:8      | Acquired a +4 ring of protection
 19953 | D:13     | Reached skill level 15 in Spellcasting
 20019 | D:13     | Found a gate to the Vaults.
 20030 | D:13     | Reached ****** piety under Makhleb
 20033 | D:13     | Reached XP level 15. HP: 117/117 MP: 0/0
 20033 | D:13     | Learned a level 6 spell: Conjure Ball Lightning
 21167 | D:13     | Found a hazy altar of Hepliaklqana.
 21445 | D:14     | Reached skill level 1 in Shields
 21489 | D:14     | Noticed Rupert
 21529 | D:14     | Killed Rupert
 21583 | D:14     | Found a gate leading to a gauntlet.
 21589 | Gauntlet | Entered a Gauntlet
 21589 | Gauntlet | Found a transporter.
 21850 | Gauntlet | Found a transporter.
 21851 | Gauntlet | Found a transporter.
 21859 | Gauntlet | Found a transporter.
 21863 | Gauntlet | Found a transporter.
 21871 | Gauntlet | Found a transporter.
 21875 | Gauntlet | Found a transporter.
 21883 | Gauntlet | Found a transporter.
 21887 | Gauntlet | Found a transporter.
 21891 | Gauntlet | Found a runed translucent door.
 21893 | Gauntlet | Found a runed translucent door.
 21895 | Gauntlet | Found a transporter.
 21926 | Gauntlet | Found a transporter.
 21938 | Gauntlet | Found a transporter.
 21950 | Gauntlet | Found a transporter.
 21963 | Gauntlet | Found a transporter.
 22130 | Gauntlet | Identified the +10 war axe "Goblinslayer" {antimagic, rN+
                  | Str-3 Int+3}
 22302 | Gauntlet | Reached skill level 1 in Armour
 22302 | Gauntlet | Identified the +1 robe of Makhleb's Castigation {Rampage
                  | Str+4}
 22303 | Gauntlet | Identified the +2 helmet of Raitilysk {Will+ rCorr Slay-5}
 22566 | Gauntlet | Identified the amulet of Gabbeefa {Spirit rC+ rCorr}
 22574 | Gauntlet | Reached skill level 1 in Evocations
 23440 | D:14     | Identified the ring of the Moon {rPois rC- rN+++ MP+9
                  | Stlth+}
 23713 | D:15     | Entered Level 15 of the Dungeon
 24275 | D:15     | Reached XP level 16. HP: 97/124 MP: 0/0
 24294 | D:15     | Noticed a frost giant
 24639 | D:15     | Killed a frost giant
 24640 | D:15     | Reached skill level 5 in Dodging
 24665 | D:15     | Paralysed by an ogre mage for 2 turns
 24818 | D:15     | Found a staircase to the Depths.
 25293 | Lair:1   | Entered Level 1 of the Lair of Beasts
 25466 | Lair:1   | Reached skill level 15 in Fighting
 26690 | Lair:2   | Reached skill level 16 in Spellcasting
 26692 | Lair:2   | Reached skill level 5 in Armour
 26692 | Lair:2   | Reached skill level 5 in Evocations
 26982 | Lair:2   | Found a staircase to the Swamp.
 28540 | Lair:3   | Found a staircase to the Snake Pit.
 29308 | Lair:4   | Reached XP level 17. HP: 62/131 MP: 0/0
 29308 | Lair:4   | Learned a level 6 spell: Eringya's Noxious Bog
 29972 | Lair:4   | Identified the +1 cloak of the Raven {Contam rElec Dex+8}
 31154 | Lair:5   | Noticed Kyvig's ghost (journeyman VSTm)
 31177 | Lair:5   | Found a runed translucent gate.
 31177 | Lair:5   | Found a runed translucent gate.
 31177 | Lair:5   | Found a runed translucent gate.
 31222 | Lair:5   | Killed Kyvig's ghost
 31312 | Lair:5   | Reached skill level 10 in Dodging
 32165 | Lair:6   | Entered Level 6 of the Lair of Beasts
 32337 | Lair:6   | Found a staircase to the Slime Pits.
 32338 | Lair:6   | Found a viscous altar of Jiyva.
 32856 | Lair:6   | Reached XP level 18. HP: 116/139 MP: 0/0
 33286 | Snake:1  | Entered Level 1 of the Snake Pit
 33662 | Snake:1  | Reached skill level 10 in Armour
 34317 | Snake:1  | Found Reonan's Distillery.
 34319 | Snake:1  | Found Zaatoshifocw's Antique Armour Emporium.
 34322 | Snake:1  | Found Focwya's Book Shoppe.
 34325 | Snake:1  | Bought a potion of experience for 700 gold pieces
 34325 | Snake:1  | Reached XP level 19. HP: 147/147 MP: 0/0
 34325 | Snake:1  | Learned a level 6 spell: Iron Shot
 34642 | Snake:2  | Noticed Vashnia
 34933 | Snake:2  | Killed Vashnia
 35707 | Snake:2  | Found a runed translucent door.
 35715 | Snake:2  | Found a shimmering altar of Xom.
 35715 | Snake:2  | Noticed snackwell's ghost (adept SpGl)
 35829 | Snake:2  | Identified the +0 leather armour "Wimiusilax" {rF+ rC-
                  | Str+3}
 36289 | Snake:2  | Noticed Jorgrun
 36296 | Snake:2  | Killed Jorgrun
 37985 | Snake:4  | Entered Level 4 of the Snake Pit
 38055 | Snake:4  | Reached XP level 20. HP: 58/155 MP: 0/0
 38704 | Snake:4  | Reached skill level 17 in Spellcasting
 40763 | Snake:4  | Got a serpentine rune of Zot
 41128 | Swamp:1  | Entered Level 1 of the Swamp
 41264 | Swamp:1  | Identified the +5 kite shield of the True Pharaoh {Str+7
                  | Slay-6}
 41761 | Elf:1    | Entered Level 1 of the Elven Halls
 41790 | Elf:1    | Paralysed by an air elemental for 1 turns
 42443 | Elf:1    | Reached XP level 21. HP: 163/163 MP: 0/0
 42443 | Elf:1    | Learned a level 7 spell: Ozocubu's Refrigeration
 42946 | Elf:1    | Found Nijumic's Jewellery Shop.
 43397 | Elf:1    | Identified the +5 glaive of Currency {antimagic, Str+4}
 43432 | Elf:2    | Identified the +6 long sword "Ypheodef" {vorpal, rElec rC+
                  | Str+3}
 43809 | Elf:2    | Reached skill level 5 in Shields
 43815 | Elf:2    | Found a bloodstained altar of Trog.
 44088 | Elf:2    | Found a runed translucent gate.
 44088 | Elf:2    | Found a runed translucent gate.
 44088 | Elf:2    | Found a runed translucent gate.
 44202 | Elf:2    | Identified the ring of Xiepny {Will+ rCorr}
 44926 | Elf:3    | Entered Level 3 of the Elven Halls
 44926 | Elf:3    | Noticed Donald
 44933 | Elf:3    | Killed Donald
 45166 | Elf:3    | Noticed Louise
 45172 | Elf:3    | Killed Louise
 45388 | Elf:3    | Reached skill level 18 in Spellcasting
 45468 | Elf:3    | Reached XP level 22. HP: 173/173 MP: 0/0
 45485 | Elf:3    | Cast into level 2 of the Abyss (a deep elf sorcerer)
 45485 | Abyss:2  | Found a corrupted altar of Lugonu.
 45607 | Abyss:2  | Found a snail-covered altar of Cheibriados.
 45911 | Elf:3    | Escaped the Abyss
 46049 | Elf:3    | Identified the +7 broad axe of Integrity {flame, Stlth+}
 46049 | Elf:3    | Identified the ring of Tinnal {rN+ AC+4 Int-3 Dex+4}
 46081 | Elf:3    | Identified the amulet "Qemmobb" {Reflect rElec Will+ SH+5}
 46137 | Elf:3    | Identified the +6 hunting sling "Imify" {freeze, rC+ Dex+3}
 46195 | Elf:3    | Identified the ring of Zearinou {AC+4 Slay+3}
 46206 | Elf:3    | Identified the +8 long sword "Wuirofy" {speed, rF+ rN+}
 46645 | Snake:1  | Bought the +3 crown of Dyrovepreva {rElec Int+2 SInv} for
                  | 1159 gold pieces
 46645 | Snake:1  | Found the +3 crown of Dyrovepreva {rElec Int+2 SInv}
 47509 | Swamp:2  | Found a frozen archway.
 47530 | IceCv    | Entered an ice cave
 49171 | Swamp:3  | Reached skill level 10 in Shields
 49361 | Swamp:3  | Reached XP level 23. HP: 174/180 MP: 0/0
 49361 | Swamp:3  | Learned a level 7 spell: Monstrous Menagerie
 50081 | D:9      | Bought a scroll of enchant armour for 75 gold pieces
 50081 | D:9      | Bought a scroll of enchant armour for 75 gold pieces
 50256 | Swamp:4  | Entered Level 4 of the Swamp
 50525 | Swamp:4  | Noticed Mara
 50530 | Swamp:4  | Noticed dickylongcocking's illusion
 50539 | Swamp:4  | Killed Mara
 51014 | Swamp:4  | Got a decaying rune of Zot
 51729 | Slime:1  | Entered Level 1 of the Pits of Slime
 51740 | Slime:1  | Reached skill level 15 in Armour
 52359 | Slime:3  | Gained mutation: You are frail. (-10% HP) [a shining eye]
 52496 | Slime:5  | Entered Level 5 of the Pits of Slime
 52551 | Slime:5  | Reached skill level 19 in Spellcasting
 52606 | Slime:5  | Noticed the Royal Jelly
 52607 | Slime:5  | Found a viscous altar of Jiyva.
 52631 | Slime:5  | Reached XP level 24. HP: 129/170 MP: 0/0
 53152 | Slime:5  | Gained mutation: You are dopey. (Int -2) [a shining eye]
 53244 | Slime:5  | Lost mutation: You are frail. (-10% HP) [potion of
                  | mutation]
 53244 | Slime:5  | Lost mutation: You are dopey. (Int -2) [potion of mutation]
 53244 | Slime:5  | Gained mutation: Armour fits poorly on your strangely
                  | shaped body. [potion of mutation]
 53244 | Slime:5  | Gained mutation: You are agile. (Dex +2) [potion of
                  | mutation]
 53245 | Slime:5  | Lost mutation: Armour fits poorly on your strangely shaped
                  | body. [potion of mutation]
 53245 | Slime:5  | Lost mutation: You are agile. (Dex +2) [potion of mutation]
 53245 | Slime:5  | Gained mutation: You have very sharp teeth. [potion of
                  | mutation]
 53245 | Slime:5  | Gained mutation: Your muscles are strong. (Str +2) [potion
                  | of mutation]
 53245 | Slime:5  | Gained mutation: Armour fits poorly on your strangely
                  | shaped body. [potion of mutation]
 53245 | Slime:5  | Gained mutation: You are somewhat resistant to further
                  | mutation. [potion of mutation]
 53246 | Slime:5  | Lost mutation: You are somewhat resistant to further
                  | mutation. [potion of mutation]
 53246 | Slime:5  | Lost mutation: Armour fits poorly on your strangely shaped
                  | body. [potion of mutation]
 53246 | Slime:5  | Lost mutation: Your muscles are strong. (Str +2) [potion of
                  | mutation]
 53401 | Slime:5  | Killed the Royal Jelly
 53434 | Slime:5  | Identified the +5 scale mail of the Amoeba {-Tele rN+
                  | Str+2}
 53449 | Slime:5  | Identified the +6 dire flail of Defilement {vamp, *Noise
                  | rPois Int+4 Dex+6}
 53780 | Slime:5  | Got a slimy rune of Zot
 54309 | Vaults:1 | Entered Level 1 of the Vaults
 54330 | Vaults:1 | Found Qireqiat's General Store.
 54347 | Vaults:1 | Bought a potion of heal wounds for 95 gold pieces
 54363 | Vaults:1 | Found Fuxkyhyn's Book Shoppe.
 54553 | Vaults:1 | Found a magical portal.
 54562 | WizLab   | Entered Cigotuvi's Fleshworks
 54918 | WizLab   | Identified the ring "Quliqiahi" {Str+6 Dex+3}
 55968 | Vaults:1 | Reached XP level 25. HP: 182/197 MP: 0/0
 55968 | Vaults:1 | Learned a level 9 spell: Dragon's Call
 55971 | Vaults:1 | Found Jaitteame's Antique Weapon Boutique.
 56020 | Vaults:1 | Identified the +2 arbalest of Incongruity {elec, rF+ Dex+4
                  | SInv}
 56213 | Vaults:1 | Found Ecwy's General Store.
 57206 | Vaults:3 | Acquired a manual of Shields
 57324 | Vaults:3 | Noticed Jory
 57332 | Vaults:3 | Killed Jory
 57333 | Vaults:3 | Reached skill level 15 in Shields
 57400 | Vaults:3 | Reached skill level 20 in Spellcasting
 57726 | Vaults:3 | Noticed Aizul
 57732 | Vaults:3 | Killed Aizul
 57865 | Vaults:3 | Identified the +9 glaive of the Establishment {vorpal,
                  | rPois Int+3}
 58362 | Vaults:2 | Found Bun Xav's General Store.
 58671 | Vaults:2 | Found Afa Zeer's Assorted Antiques.
 58675 | Vaults:2 | Found Dian's Magic Scroll Boutique.
 58679 | Vaults:2 | Bought a scintillating silver ring for 160 gold pieces
 58679 | Vaults:2 | Identified the ring of Tieseq {Wiz Int+5} (You bought it in
                  | a shop on level 2 of the Vaults)
 58679 | Vaults:2 | Bought a potion of heal wounds for 160 gold pieces
 58689 | Vaults:2 | Bought a scroll of blinking for 150 gold pieces
 58689 | Vaults:2 | Bought a scroll of teleportation for 60 gold pieces
 58689 | Vaults:2 | Bought a scroll of holy word for 150 gold pieces
 58733 | Vaults:2 | Found Qaetulod's Distillery.
 58741 | Vaults:2 | Bought a potion of heal wounds for 75 gold pieces
 58741 | Vaults:2 | Bought a potion of resistance for 150 gold pieces
 58741 | Vaults:2 | Bought a potion of resistance for 150 gold pieces
 58741 | Vaults:2 | Bought a potion of heal wounds for 75 gold pieces
 58741 | Vaults:2 | Bought a potion of haste for 150 gold pieces
 58747 | Vaults:2 | Bought a potion of cancellation for 120 gold pieces
 58747 | Vaults:2 | Bought a potion of cancellation for 120 gold pieces
 58907 | Vaults:2 | Found Sius's Distillery.
 58911 | Vaults:2 | Bought a potion of heal wounds for 70 gold pieces
 58911 | Vaults:2 | Bought a potion of heal wounds for 70 gold pieces
 58911 | Vaults:2 | Bought a potion of heal wounds for 70 gold pieces
 58911 | Vaults:2 | Bought a potion of heal wounds for 70 gold pieces
 58911 | Vaults:2 | Bought a potion of resistance for 140 gold pieces
 58911 | Vaults:2 | Bought a potion of resistance for 140 gold pieces
 58911 | Vaults:2 | Bought a potion of haste for 140 gold pieces
 58938 | Vaults:2 | Identified the amulet "Noff" {RegenMP -Tele +Inv rElec
                  | Stlth+}
 59234 | Vaults:3 | Found a staircase to the Crypt.
 59234 | Vaults:3 | Found a basalt altar of Yredelemnul.
 59758 | Vaults:4 | Found Buyss's Magic Scroll Boutique.
 59903 | Vaults:4 | Reached XP level 26. HP: 198/203 MP: 0/0
 60153 | Vaults:4 | Reached skill level 21 in Spellcasting
 60872 | Vaults:5 | Entered Level 5 of the Vaults
 60914 | Vaults:5 | Noticed a dread lich
 60916 | Vaults:5 | Noticed an ancient lich
 60924 | Vaults:5 | Killed a dread lich
 60926 | Vaults:5 | Killed an ancient lich
 61630 | Vaults:5 | Reached skill level 22 in Spellcasting
 61805 | Vaults:5 | Noticed an ancient lich
 61807 | Vaults:5 | Killed an ancient lich
 61843 | Vaults:5 | Reached XP level 27. HP: 209/210 MP: 0/0
 61843 | Vaults:5 | Learned a level 9 spell: Polar Vortex
 62334 | Vaults:5 | Noticed a dread lich
 62349 | Vaults:5 | Killed a dread lich
 62768 | Vaults:5 | Found the +2 ratskin cloak {*Rats rPois rN+ Str-1 Int-1
                  | Dex+1}
 62962 | Vaults:5 | Got a silver rune of Zot
 62993 | Vaults:5 | Identified the +1 short sword of Sin {vamp, rN+ Will- rCorr
                  | Dex+4}
 63007 | Vaults:5 | Acquired 934 gold pieces
 63406 | Vaults:4 | Bought a scroll of enchant armour for 135 gold pieces
 63406 | Vaults:4 | Bought a scroll of teleportation for 54 gold pieces
 63406 | Vaults:4 | Bought a scroll of teleportation for 54 gold pieces
 63520 | Crypt:1  | Entered Level 1 of the Crypt
 63525 | Crypt:1  | Found a basalt altar of Yredelemnul.
 63903 | Crypt:1  | Noticed Mennas
 63911 | Crypt:1  | Killed Mennas
 63912 | Crypt:1  | Reached skill level 23 in Spellcasting
 64093 | Crypt:1  | Killed from afar by an eidolon

Illustrated notes

Levels and vault maps discovered:
D:1:      dpeg_arrival_erosion, layout_basic, ebering_ecumenical_altar_box
D:2:      layout_loops_cross, minivault_4
D:3:      layout_basic, nicolae_qazlal_style_of_elements,
          kennysheep_vampire_church, uniq_terence, uniq_ijyb
D:4:      layout_basic, amcnicky_altar_gilded, lemuel_doored_altar,
          minmay_temple_entry_wispy, minmay_surrounded
D:5:      layout_cave_pods, xom_teletrap_fun, gammafunk_temple_overflow_pools,
          ebering_ghost_disaster_area, uniq_menkaure
D:6:      layout_loops_ring
D:7:      layout_loops_corners
D:8:      gammafunk_beogh_shrine, layout_basic, dpeg_oklobed_lair, serial_shops,
          nicolae_shop_trees, kennysheep_mini_moat, dk_noncrumbling_3
D:9:      layout_long_grid, nicolae_wu_jian_immortal_techniques, david_orc_4,
          serial_shops, shop_scrolls, nicolae_benzene_ring,
          minmay_misc_feat_ornament, st_stairs_7, chequers_serial_rivers_room_b
D:10:     layout_irregular_city, lemuel_round_altar
D:11:     layout_irregular_city, uniq_psyche, uniq_urug
D:12:     kennysheep_six_static_rooms, layout_irregular_city, uniq_nessos,
          uniq_maurice
D:13:     layout_basic, lightli_vaults_fourway_checkpoint,
          nicolae_hepliaklqana_monster_ancestors
D:14:     layout_cave_pods, minmay_misc_feat_diagonals, gauntlet_entry_generic,
          chequers_serial_rivers_large_b, uniq_rupert
D:15:     grunt_enter_depths_snipers, layout_cave_pools,
          chequers_serial_rivers_small_a
Temple:   dshaligram_water_room_temple
Lair:1:   layout_cave_pods, serial_bayou_shore_b, infiniplex_staircase_pool_2
Lair:2:   layout_hall_layers, minmay_swamp_entry_swarm, minivault_27,
          grunt_megastairs_5
Lair:3:   layout_chaotic_city, minmay_snake_entry_guardpost_small,
          grunt_megastairs_2
Lair:4:   beast_lair_carwin_large_2, layout_concentric_octagons,
          nicolae_lair_yak_garden, lemuel_fruit_fields
Lair:5:   layout_layer_cave, gammafunk_ghost_icy, st_stairs_9,
          serial_bayou_shore_b, infiniplex_staircase_pool, lemuel_fruit_fields,
          minmay_lair_oklob_chamber
Lair:6:   hangedman_lair_in_review, layout_regular_city, slime_altar_1
Swamp:1:  layout_basic_swamp, evilmike_swamp_ruin_house_5,
          nzn_swamp_blast_mining
Swamp:2:  layout_falls_marsh, portal_ice_cave_entry_dragon,
          hangedman_swamp_ruin_hall
Swamp:3:  layout_basic_swamp, hangedman_swamp_lotus, swamp_pool1
Swamp:4:  swamp, layout_basic_swamp, swamp_pool3, roderic_carrion_pond,
          uniq_mara
Snake:1:  layout_rooms, grunt_megastairs_3, lemuel_fruit_tree, minmay_shop_star
Snake:2:  layout_grid_maze, ebering_ghost_xom, uniq_jorgrun, uniq_vashnia
Snake:3:  layout_cave_town, serial_bayou_pond_d
Snake:4:  grunt_snake_rune_pools, layout_layer_cave, guppyfry_snake_island
Slime:1:  layout_caves
Slime:2:  layout_caves
Slime:3:  layout_caves, basic_altar
Slime:4:  layout_caves
Slime:5
Orc:1:    layout_caves, special_room [special_room_orc], basic_altar
Orc:2:    st_orc_ogre_mass, layout_caves
Elf:1:    eino_elf_arrival_altar, layout_onion_city, serial_shops,
          nicolae_lakefront_shop, hangedman_elven_crosses_minicolossus,
          minmay_elf_demonology
Elf:2:    layout_loops_ring, evilmike_spriggan_trog_shrine
Elf:3:    minmay_elf_hall, layout_gridlike, uniq_louise, uniq_donald
Vaults:1: v_misc_1, nicolae_vaults_little_squares_5, grunt_vaults_hallway_short,
          v_rooms_4, nicolae_vaults_yaktaur_gun_rack, v_alt_pattern_5,
          vaults_standard_mumra_lines, vaults_room_corners,
          grunt_vaults_hallway_long, nicolae_vaults_ring_of_whatevers,
          v_misc_14, layout_vaults_omnicross, serial_shops,
          nicolae_shop_overgrown_old_shop, nicolae_shop_window_shopping, shop,
          shop_coins, mu_enter_wizlab_5
Vaults:2: hangedman_vaults_capsules, grunt_vaults_focal, ontoclasm_vaults_fault,
          v_misc_14, nicolae_vaults_alarming, vaults_dpeg_ring,
          layout_vaults_quadrants, serial_shops, nicolae_shop_crystal,
          nicolae_shop_waterfront, shop, shop, nicolae_shop_waterfront
Vaults:3: minmay_crypt_entry_necro_gods, special_room_vaults [special_room_orc],
          hangedman_vaults_unwind, vaults_mumra_hexcomb,
          vaults_room_stairs_pillars, ontoclasm_vaults_chip, v_misc_8,
          nicolae_vaults_ring_of_whatevers, ontoclasm_vaults_chip,
          layout_vaults_chaotic_city, uniq_jory, uniq_aizul
Vaults:4: v_alt_pattern_1, nicolae_vaults_twisting_passages, v_pattern_2,
          vaults_room_door_hall, ontoclasm_vaults_hangar,
          vaults_mumra_minichess, v_misc_28, vaults_room_corners,
          ontoclasm_vaults_shuriken, layout_vaults_omnibox, serial_shops,
          nicolae_diamond_shop
Vaults:5
Crypt:1:  layout_catacombs, basic_altar, special_room [special_room_morgue],
          grunt_ministairs_9, chequers_big_river, lemuel_nasty_fountain,
          uniq_mennas

Skill      XL: |  1  2  3  4  5  6  7  8  9 10 11 12 13 14 15 16 17 18 19 20 21 22 23 24 25 26 27 |
---------------+----------------------------------------------------------------------------------+-----
Fighting       | 1 2 3 4 6 7 9 10 11 13 14 15 16 17 18 19 20 21 | 21.4
Spellcasting   | 3 4 5 6 8 10 11 12 14 15 16 17 18 19 20 22 23 | 23.5
Shields        | 4 7 10 11 13 15 | 15.0
Armour         | 3 6 9 12 13 14 15 | 15.0
Dodging        | 4 7 10 12 | 12.3
Evocations     | 3 6 7 |  7.0
Stealth        | 2 4 |  4.1

Action                   |  1- 3 |  4- 6 |  7- 9 | 10-12 | 13-15 | 16-18 | 19-21 | 22-24 | 25-27 || total
-------------------------+-------+-------+-------+-------+-------+-------+-------+-------+-------++-------
Melee: Dagger            |    62 |    78 |    60 |     5 |       |       |       |       |       ||   205
       Whip              |       |       |       |     8 |    10 |       |       |       |       ||    18
       Eveningstar       |       |       |       |       |     3 |       |       |       |       ||     3
       Staff             |       |       |       |       |    16 |    14 |     8 |    17 |    17 ||    72
       Long sword        |       |       |       |       |       |       |       |     2 |       ||     2
       Bite              |       |       |       |       |       |       |       |     1 |     3 ||     4
       Sacred scourge    |       |       |       |       |       |       |       |       |     3 ||     3
 Cast: Sting             |     6 |     2 |    10 |     7 |     5 |       |       |       |       ||    30
       Poisonous Vapours |     3 |    19 |     7 |       |     2 |     1 |       |     4 |       ||    36
       Ignite Poison     |       |    16 |    39 |    76 |   124 |    82 |    80 |    74 |    79 ||   570
       Mephitic Cloud    |       |    12 |    21 |     9 |    18 |     1 |     4 |     3 |       ||    68
       Olgreb's Toxic Ra |       |     2 |    12 |    73 |   102 |    81 |    74 |    70 |    81 ||   495
       Slow              |       |     1 |       |       |       |     1 |       |       |       ||     2
       Frozen Ramparts   |       |       |     1 |       |    11 |     3 |     3 |     1 |       ||    19
       Borgnjor's Vile C |       |       |       |       |    46 |   196 |    63 |    43 |     7 ||   355
       Apportation       |       |       |       |       |     3 |     2 |       |       |       ||     5
       Inner Flame       |       |       |       |       |     2 |     5 |     6 |    14 |     9 ||    36
       Conjure Ball Ligh |       |       |       |       |    11 |    46 |     1 |     5 |       ||    63
       Eringya's Noxious |       |       |       |       |       |     8 |     2 |     3 |       ||    13
       Iron Shot         |       |       |       |       |       |       |   253 |   444 |   229 ||   926
       Metabolic Englaci |       |       |       |       |       |       |     2 |       |       ||     2
       Monstrous Menager |       |       |       |       |       |       |       |     5 |     1 ||     6
       Ozocubu's Refrige |       |       |       |       |       |       |       |     2 |     1 ||     3
       Dragon's Call     |       |       |       |       |       |       |       |       |     5 ||     5
       Polar Vortex      |       |       |       |       |       |       |       |       |    31 ||    31
Evoke: Wand              |       |     1 |     2 |       |     4 |       |       |     4 |       ||    11
       Condenser vane    |       |       |       |       |     1 |     1 |       |     1 |       ||     3
  Use: Potion            |       |     5 |     2 |       |     3 |     2 |     4 |     8 |     4 ||    28
       Scroll            |       |     7 |     2 |     5 |     7 |     6 |     8 |     9 |    13 ||    57
 Stab: Sleeping          |     3 |       |       |       |       |       |       |       |       ||     3
       Confused          |       |       |     1 |       |       |       |       |       |       ||     1
Armor: Robe              |    11 |    47 |    14 |     4 |       |       |       |       |       ||    76
       Acid dragon scale |       |       |       |    12 |    62 |    41 |    64 |     9 |       ||   188
       Plate armour      |       |       |       |       |       |       |       |    20 |       ||    20
       Ice dragon scales |       |       |       |       |       |       |       |    75 |    81 ||   156
       Quicksilver drago |       |       |       |       |       |       |       |     4 |       ||     4
Dodge: Dodged            |    51 |   107 |    47 |    43 |    63 |   110 |   114 |   118 |    80 ||   733
Block: Other             |       |       |     3 |    12 |    26 |       |       |       |       ||    41
       Reflection        |       |       |       |     1 |    11 |     2 |    35 |     5 |    64 ||   118
       Buckler           |       |       |       |       |    29 |    56 |    78 |       |       ||   163
       Kite shield       |       |       |       |       |       |       |    49 |   230 |   314 ||   593
       Rpst.: Long sword |       |       |       |       |       |       |       |     1 |       ||     1

Table legend: (Time is in decaauts)
 A = Elapsed time spent in this place.
 B = Non-inter-level travel time spent in this place.
 C = Inter-level travel time spent in this place.
 D = Time resting spent in this place.
 E = Time spent auto-exploring this place.
 F = Levels seen in this place.
 G = Mean time per level.
                   A        B        C        D        E       F      G
               +--------+--------+--------+--------+--------+-----+--------+
         Total |  64108 |  59122 |   4986 |   9762 |  39028 |  50 | 1282.2 |
       Dungeon |  22410 |  20498 |   1912 |   4079 |  14083 |  15 | 1494.0 |
        Temple |     29 |     21 |      8 |      0 |     13 |   1 |   29.0 |
          Lair |   9153 |   7788 |   1365 |    966 |   5310 |   6 | 1525.5 |
         Swamp |   3756 |   3460 |    296 |    213 |   2595 |   4 |  939.0 |
     Snake Pit |   7361 |   7024 |    337 |   2005 |   3909 |   4 | 1840.2 |
    Slime Pits |   2262 |   2183 |     79 |    853 |    678 |   5 |  452.4 |
  Orcish Mines |   2284 |   2133 |    151 |    431 |   1322 |   2 | 1142.0 |
   Elven Halls |   4262 |   4027 |    235 |     45 |   3094 |   3 | 1420.7 |
        Vaults |   8145 |   7544 |    601 |    222 |   5893 |   5 | 1629.0 |
         Crypt |    574 |    574 |      0 |      0 |    310 |   1 |  574.0 |
         Abyss |    426 |    426 |      0 |      0 |    210 |   1 |  426.0 |
      Ice Cave |   1022 |   1022 |      0 |    440 |    368 |   1 | 1022.0 |
        Wizlab |   1067 |   1067 |      0 |     99 |    558 |   1 | 1067.0 |
      Gauntlet |   1352 |   1352 |      0 |    407 |    685 |   1 | 1352.0 |
               +--------+--------+--------+--------+--------+-----+--------+

Top non-repeatable levels by time:
 Snake:4: 2413 daAuts
Vaults:5: 2377 daAuts
     D:8: 2329 daAuts
 Snake:2: 2165 daAuts
     D:4: 2026 daAuts
     D:5: 1980 daAuts
     D:9: 1968 daAuts
    D:14: 1821 daAuts
  Lair:2: 1785 daAuts
   Elf:1: 1734 daAuts
Vaults:3: 1681 daAuts
  Lair:1: 1652 daAuts
  Lair:3: 1620 daAuts
  Lair:4: 1517 daAuts
 Snake:3: 1508 daAuts
